 Dungeon Crawl Stone Soup version 0.27.1-4-g1640c2035a (webtiles) character file.

Game seed: 1894379106434187087

2557 DearestLeader the Nimble (level 9, -1/71 HPs)
             Began as a Gnoll Gladiator on Nov 15, 2021.
             Was a Follower of Okawaru.
             Succumbed to an orc warrior's poison
             ... on level 7 of the Dungeon.
             The game lasted 00:11:38 (5544 turns).

DearestLeader the Nimble (Gnoll Gladiator)          Turns: 5544, Time: 00:11:39

Health: -1/71      AC: 10    Str: 15    XL:     9   Next: 56%
Magic:  2/15       EV: 15    Int:  8    God:    Okawaru [*.....]
Gold:   239        SH:  0    Dex: 19    Spells: 11/16 levels left

rFire    . . .     SeeInvis .   a - +0 war axe
rCold    . . .     Faith    .   (no shield)
rNeg     . . .     Spirit   .   I - +2 ring mail of Wisdom {rElec Str-2 Slay+3}
rPois    .         Reflect  .   q - +0 helmet
rElec    +         Harm     .   c - +0 cloak
rCorr    .         Rampage  .   (no gloves)
Will     .....                  (no boots)
Stlth    ++........             n - amulet of regeneration
HPRegen  1.21/turn              o - +6 ring of dexterity
MPRegen  0.14/turn              s - ring of wizardry

@: lethally poisoned (-1 -> -14), studying Slings
A: fangs 1, strong nose, distributed training
a: Renounce Religion, Heroism


You were on level 7 of the Dungeon.
You worshipped Okawaru.
Okawaru was aware of your devotion.
You visited 2 branches of the dungeon, and saw 8 of its levels.

You collected 239 gold pieces.

Inventory:

Hand Weapons
 a - a +0 war axe (weapon)
 y - a +0 rapier of venom
Missiles
 d - 5 throwing nets
 u - 3 javelins (quivered)
Armour
 c - a +0 cloak (worn)
 q - a +0 helmet (worn)
 I - the +2 ring mail of Wisdom (worn) {rElec Str-2 Slay+3}
   (You found it on level 5 of the Dungeon)

   Str:       It affects your strength (-2).
   Slay:      It affects your accuracy & damage with ranged weapons and melee
   (+3).
   rElec:     It insulates you from electricity.
Jewellery
 n - an amulet of regeneration (around neck)
 o - a +6 ring of dexterity (left hand)
 s - a ring of wizardry (right hand)
 A - a ring of wizardry
Wands
 g - a wand of digging (5)
 v - a wand of flame (12)
 w - a wand of acid (7)
Scrolls
 b - a scroll of noise {unknown}
 e - a scroll of fog {unknown}
 f - 3 scrolls of magic mapping
 k - a scroll of summoning {unknown}
 l - 2 scrolls of amnesia {unknown}
 m - a scroll of fear {unknown}
 p - a scroll of blinking {unknown}
 t - a scroll of silence {unknown}
 B - 2 scrolls of holy word {unknown}
 C - 2 scrolls of enchant weapon {unknown}
 D - a scroll of identify {unknown}
 F - 2 scrolls of teleportation {unknown}
 G - a scroll of immolation {unknown}
 H - a scroll of enchant armour {unknown}
Potions
 h - 2 potions of brilliance {unknown}
 i - 3 potions of degeneration {unknown}
 j - 2 potions of berserk rage {unknown}
 r - 4 potions of might {unknown}
 x - 2 potions of flight {unknown}
 z - 2 potions of haste {unknown}
 E - a potion of curing


   Skills:
 + Level 6.4 Fighting
 + Level 4.3 Short Blades
 + Level 4.3 Long Blades
 + Level 8.0 Axes
 + Level 4.3 Maces & Flails
 + Level 4.3 Polearms
 + Level 4.3 Staves
 + Level 4.4 Slings
 + Level 4.3 Bows
 + Level 4.3 Crossbows
 + Level 6.4 Throwing
 + Level 4.3 Armour
 + Level 8.0 Dodging
 + Level 4.3 Stealth
 + Level 4.3 Shields
 + Level 4.3 Unarmed Combat
 + Level 4.3 Spellcasting
 + Level 3.6 Conjurations
 + Level 3.6 Hexes
 + Level 3.6 Summonings
 + Level 3.6 Necromancy
 + Level 3.6 Translocations
 + Level 3.6 Transmutations
 + Level 3.6 Fire Magic
 + Level 3.6 Ice Magic
 + Level 3.6 Air Magic
 + Level 3.6 Earth Magic
 + Level 3.6 Poison Magic
 + Level 4.8 Invocations
 + Level 4.3 Evocations


You had 11 spell levels left.
You knew the following spells:

 Your Spells              Type           Power      Damage    Failure   Level
a - Mephitic Cloud        Conj/Pois/Air  7%         N/A       14%         3
b - Call Imp              Summ           7%         N/A       8%          2

Your spell library contained the following spells:

 Spells                   Type           Power      Damage    Failure   Level
 Corona                   Hex            7%         N/A       4%          1
 Magic Dart               Conj           28%        1d4       4%          1
 Ensorcelled Hibernation  Hex/Ice        14%        N/A       8%          2
 Tukima's Dance           Hex            7%         N/A       14%         3


Dungeon Overview and Level Annotations

Branches:
Dungeon (7/15)             Temple (1/1) D:6

Altars:
Dithmenos
Elyvilon
Fedhas
Gozag
Hepliaklqana
Makhleb
Okawaru
Sif Muna
Vehumet

Shops:
D:4 =   D:5 (

Annotations:
D:6 1 runed translucent door, makewrite's ghost, novice MiGl


Innate Abilities, Weirdness & Mutations

You have very sharp teeth.
Your uncanny sense of smell can sniff out nearby items.
Your experience applies equally to all skills.


Message History

You miscast Mephitic Cloud.
You are very lightly contaminated with residual magic.
Nothing appears to happen.
The orc warrior hits you from afar with a +2 glaive of venom!
You are poisoned.
You feel very sick.
You feel sick.
You feel sick.
The orc wizard gestures wildly while chanting.
The orc wizard flickers and vanishes!
You feel sick.
Casting: Mephitic Cloud (dangerous; 14% risk of failure)
Confirm with . or Enter, or press ? or * to list all spells.
Aiming: Mephitic Cloud (dangerous; 14% risk of failure)
Press: ? - help, Shift-Dir - straight line, f/p - orc warrior
Aim: an orc warrior, wielding a +2 glaive of venom and wearing a +0 chain mail (lightly wounded, chance to affect: 81%)
The ball explodes into a vile cloud!
The stinking cloud engulfs the orc warrior but does no damage.
The orc warrior is lightly wounded.
You feel sick.
The orc warrior is engulfed in noxious fumes.
The orc warrior appears confused.
You feel sick.
The orc warrior is engulfed in noxious fumes.
The orc warrior appears confused.
The orc warrior hits you with a +2 glaive of venom!!
You are more poisoned.
Your magical contamination has completely faded away.
You strike the helpless orc warrior from behind!
You hit the orc warrior but do no damage.
You bite the orc warrior, but do no damage.
The orc warrior is lightly wounded.
You feel very sick.
The orc warrior hits you with a +2 glaive of venom!
The orc warrior hits you with a +2 glaive of venom!!
* * * LOW HITPOINT WARNING * * *
You are lethally poisoned!
* * * LOW HITPOINT WARNING * * *
You feel extremely sick.
You die...

#####.#.#### #.#.#
).....#....# #.#.#
.####.####.# #.#.#
....#.# #.# #.#.#
o.#.#.# #.# #.#.#
.Z..#.####.# #.#.#
...........# #.#.#
..###.###### #.#.#
........######.#@#
......#.#....#.#.#
##.##...#.##.#.#o#
.............#.#.#
##..#...#.#..#.#.#
.....o..#.#..#.#.#
###.....#.#....#{#
...#...5#.##.#.#.#
##.#......##.#.#Z#


You could see an orc warrior (confused).

Vanquished Creatures
  Prince Ribbit (D:5)
  Eustachio (D:4)
  A vampire mosquito (D:7)
  A steam dragon (D:5)
  A water moccasin (D:7)
  An ice beast (D:5)
  A hornet zombie (D:7)
  An ogre (D:6)
  A centaur (D:6)
  2 phantoms (D:4)
  2 bullfrogs (D:7)
  3 scorpions (D:6)
  A water moccasin zombie (D:5)
  A howler monkey (D:4)
  A crimson imp (D:3)
  A jelly (D:5)
  2 bullfrog zombies (D:5)
  A hound (D:5)
  2 bullfrog skeletons (D:4)
  Crazy Yiuf (D:5)
  3 gnoll shamans
  Jessica (D:2)
  5 iguanas
  2 orc wizards (D:6)
  Natasha (thrice) (D:3)
  A killer bee zombie (D:7)
  Robin (D:3)
  19 gnolls
  2 howler monkey skeletons
  7 adders
  A shadow imp (D:7)
  A white imp (D:6)
  An ufetubus (D:5)
  2 dart slugs
  9 orcs
  5 ball pythons
  11 endoplasms
  A giant cockroach (D:2)
  9 goblins
  11 hobgoblins
  3 quokkas
  9 bats
  5 frilled lizards
  5 kobolds
  2 rats
145 creatures vanquished.

Vanquished Creatures (collateral kills)
  A hound (D:7)
  A gnoll (D:7)
2 creatures vanquished.

Vanquished Creatures (others)
  5 fungi
  3 plants
8 creatures vanquished.

Grand Total: 155 creatures vanquished

Notes
Turn   | Place    | Note
-------+----------+-------------------------------------------
     0 | D:1      | DearestLeader the Gnoll Gladiator began the quest for the
                  | Orb.
     0 | D:1      | Reached XP level 1. HP: 20/20 MP: 1/1
    75 | D:1      | Reached XP level 2. HP: 26/26 MP: 2/2
   574 | D:1      | Reached XP level 3. HP: 27/31 MP: 3/3
   639 | D:2      | Noticed Jessica
   646 | D:2      | Killed Jessica
   647 | D:2      | Reached skill level 1 in Short Blades
   647 | D:2      | Reached skill level 1 in Long Blades
   647 | D:2      | Reached skill level 1 in Maces & Flails
   647 | D:2      | Reached skill level 1 in Polearms
   647 | D:2      | Reached skill level 1 in Staves
   647 | D:2      | Reached skill level 1 in Slings
   647 | D:2      | Reached skill level 1 in Bows
   647 | D:2      | Reached skill level 1 in Crossbows
   647 | D:2      | Reached skill level 1 in Armour
   647 | D:2      | Reached skill level 1 in Stealth
   647 | D:2      | Reached skill level 1 in Shields
   647 | D:2      | Reached skill level 1 in Unarmed Combat
   647 | D:2      | Reached skill level 1 in Spellcasting
   647 | D:2      | Reached skill level 1 in Invocations
   647 | D:2      | Reached skill level 1 in Evocations
   936 | D:2      | Reached XP level 4. HP: 38/38 MP: 5/5
  1525 | D:2      | Found a faded altar of an unknown god.
  1639 | D:3      | Noticed Robin
  1670 | D:3      | Reached skill level 1 in Conjurations
  1670 | D:3      | Reached skill level 1 in Hexes
  1670 | D:3      | Reached skill level 1 in Summonings
  1670 | D:3      | Reached skill level 1 in Necromancy
  1670 | D:3      | Reached skill level 1 in Translocations
  1670 | D:3      | Reached skill level 1 in Transmutations
  1670 | D:3      | Reached skill level 1 in Fire Magic
  1670 | D:3      | Reached skill level 1 in Ice Magic
  1670 | D:3      | Reached skill level 1 in Air Magic
  1670 | D:3      | Reached skill level 1 in Earth Magic
  1670 | D:3      | Reached skill level 1 in Poison Magic
  1671 | D:3      | Killed Robin
  1816 | D:3      | Noticed Natasha
  1829 | D:3      | Killed Natasha
  1830 | D:3      | Reached XP level 5. HP: 42/43 MP: 5/7
  1928 | D:3      | Noticed Natasha
  1938 | D:3      | Killed Natasha
  1959 | D:3      | Noticed Natasha
  1975 | D:3      | Killed Natasha
  2219 | D:3      | Found a burning altar of Makhleb.
  2220 | D:3      | Found a radiant altar of Vehumet.
  2230 | D:3      | Reached XP level 6. HP: 47/50 MP: 8/8
  2540 | D:4      | Reached skill level 5 in Fighting
  2540 | D:4      | Reached skill level 5 in Throwing
  2613 | D:4      | Found Gennaniq's Jewellery Shoppe.
  2824 | D:4      | Found a hazy altar of Hepliaklqana.
  3001 | D:4      | Reached XP level 7. HP: 55/56 MP: 10/10
  3085 | D:4      | Noticed Eustachio
  3131 | D:4      | Killed Eustachio
  3281 | D:5      | Entered Level 5 of the Dungeon
  3291 | D:5      | Found Huacvosi's Weapon Boutique.
  3330 | D:5      | Found a white marble altar of Elyvilon.
  3367 | D:5      | Identified the +2 ring mail of Wisdom {rElec Str-2 Slay+3}
  3461 | D:5      | Reached XP level 8. HP: 58/63 MP: 12/12
  3724 | D:5      | Found a runed translucent door.
  3725 | D:5      | Noticed Crazy Yiuf
  3792 | D:5      | Killed Crazy Yiuf
  4056 | D:6      | Noticed Prince Ribbit
  4084 | D:5      | Killed Prince Ribbit
  4176 | D:6      | Found a staircase to the Ecumenical Temple.
  4213 | Temple   | Entered the Ecumenical Temple
  4226 | Temple   | Became a worshipper of Warmaster Okawaru
  4367 | D:6      | Reached XP level 9. HP: 69/69 MP: 14/14
  4466 | D:6      | Noticed makewrite's ghost (novice MiGl)
  4470 | D:6      | Found a runed translucent door.
  4481 | D:6      | Found a blossoming altar of Fedhas.
  4732 | D:6      | Reached * piety under Okawaru
  4893 | D:7      | Learned a level 3 spell: Mephitic Cloud
  4896 | D:7      | Learned a level 2 spell: Call Imp
  5544 | D:7      | Succumbed to an orc warrior's poison

Illustrated notes

Levels and vault maps discovered:
D:1:      eino_arrival_cavern_e, layout_basic, grunt_decor_fettered
D:2:      layout_basic, serial_glass, glass_columns_c, glass_columns_a,
          shapermc_ecumenical_altar_petra, hangedman_glass_garden, uniq_jessica
D:3:      layout_loops_corners, grunt_temple_overflow_lords_of_destruction,
          uniq_natasha, uniq_robin
D:4:      wander_river, layout_gridville, old_standard_altar, serial_shops,
          nicolae_lakefront_shop, nrook_mini_vaults, minmay_misc_feat_columns,
          uniq_eustachio
D:5:      layout_basic, elyvilon_altar_1, serial_shops, nicolae_shop_crystal,
          minmay_misc_feat_hallway, uniq_crazy_yiuf_cottage
D:6:      old_forge, layout_gridville, fedhas_bush_and_centaur_altar,
          minmay_temple_entry_statues_fountains, hellmonk_ghost_happy_afterlife,
          uniq_prince_ribbit1
D:7:      layout_basic, minmay_manual_mess, uniq_menkaure
Temple:   regret_index_temple_sphere_string

Skill      XL: |  1  2  3  4  5  6  7  8  9 |
---------------+----------------------------+-----
Short Blades   | 1 2 3 4 |  4.3
Long Blades    | 1 2 3 4 |  4.3
Maces & Flails | 1 2 3 4 |  4.3
Polearms       | 1 2 3 4 |  4.3
Staves         | 1 2 3 4 |  4.3
Slings         | 1 2 3 4 |  4.4
Bows           | 1 2 3 4 |  4.3
Crossbows      | 1 2 3 4 |  4.3
Armour         | 1 2 3 4 |  4.3
Stealth        | 1 2 3 4 |  4.3
Shields        | 1 2 3 4 |  4.3
Unarmed Combat | 1 2 3 4 |  4.3
Spellcasting   | 1 2 3 4 |  4.3
Invocations    | 1 2 3 4 |  4.8
Evocations     | 1 2 3 4 |  4.3
Conjurations   | 1 2 3 |  3.6
Hexes          | 1 2 3 |  3.6
Summonings     | 1 2 3 |  3.6
Necromancy     | 1 2 3 |  3.6
Translocations | 1 2 3 |  3.6
Transmutations | 1 2 3 |  3.6
Fire Magic     | 1 2 3 |  3.6
Ice Magic      | 1 2 3 |  3.6
Air Magic      | 1 2 3 |  3.6
Earth Magic    | 1 2 3 |  3.6
Poison Magic   | 1 2 3 |  3.6
Fighting       | 5 6 |  6.4
Throwing       | 5 6 |  6.4
Axes           | 7 8 |  8.0
Dodging        | 7 8 |  8.0

Action                   |  1- 3 |  4- 6 |  7- 9 || total
-------------------------+-------+-------+-------++-------
Melee: War axe           |    63 |   171 |   281 ||   515
       Bite              |     6 |    10 |    40 ||    56
       Punch             |       |     1 |     7 ||     8
 Cast: Call Imp          |       |       |    12 ||    12
       Mephitic Cloud    |       |       |     2 ||     2
  Use: Scroll            |       |     1 |       ||     1
 Stab: Sleeping          |       |     5 |     1 ||     6
       Distracted        |       |       |     2 ||     2
       Confused          |       |       |     1 ||     1
Armor: Leather armour    |     9 |       |       ||     9
       Ring mail         |     5 |    53 |   136 ||   194
Dodge: Dodged            |    47 |   144 |   317 ||   508
